 Dungeon Crawl Stone Soup version 0.30-a0-371-gad7725a93e (webtiles) character file.

Game seed: 8923503943115393274

9994 tangygnat the Grappler (level 11, -2/100 HPs)
             Began as a Troll Fighter on Nov 22, 2022.
             Was a High Priest of Qazlal.
             Slain by a rakshasa (illusionary)
             ... wielding a +0 trident
              (13 damage)
             ... on level 10 of the Dungeon.
             The game lasted 00:43:58 (9149 turns).

tangygnat the Grappler (Troll Fighter)              Turns: 9149, Time: 00:44:02

Health: -2/100     AC: 11    Str: 30    XL:     11   Next: 30%
Magic:  10/10      EV: 13    Int:  4    God:    Qazlal [*****.]
Gold:   2042       SH: 19    Dex: 19    Spells: 10/10 levels left

rFire   . . .      SeeInvis +      - Unarmed
rCold   . . .      Faith    .    b - +0 kite shield
rNeg    + . .      Spirit   .    j - +2 robe {rN+}
rPois   .          Reflect  .    s - +2 hat of Time Monsters {Rampage Str+4}
rElec   .          Harm     .    (no cloak)
rCorr   .          Rampage  +    (gloves unavailable)
Will    .....                    (boots unavailable)
Stlth   +.........               (no amulet)
HPRegen 1.16/turn                l - +6 ring of dexterity
MPRegen 0.12/turn                a - ring of see invisible

@: protected from physical damage, repel missiles
A: large, unfitting armour, claws 3, regeneration 1, shaggy fur 1, tough skin 1
a: Renounce Religion, Upheaval, Elemental Force, Disaster Area


You were on level 10 of the Dungeon.
You worshipped Qazlal.
Qazlal was extremely pleased with you.
You visited 2 branches of the dungeon, and saw 11 of its levels.
You also visited: Ossuary.

You collected 2169 gold pieces.
You spent 127 gold pieces at shops.

Inventory:

Hand Weapons
 g - a +2 rapier of chaos
 B - a +0 morningstar of holy wrath
Missiles
 d - 7 boomerangs (quivered)
 h - 6 throwing nets
Armour
 b - a +0 kite shield (worn)
 j - a +2 robe of positive energy (worn)
 s - the +2 hat of Time Monsters (worn) {Rampage Str+4}
   (You acquired it on level 8 of the Dungeon)

   Str:       It affects your strength (+4).
   Rampage:   It bestows one free step when moving towards enemies.
 v - a +2 hat
Jewellery
 a - a ring of see invisible (right claw)
 l - a +6 ring of dexterity (left claw)
 r - a ring of fire
 D - a +4 ring of protection
 H - a ring of wizardry
Wands
 o - a wand of mindburst (4)
 q - a wand of roots (8)
 A - a wand of charming (23)
Scrolls
 f - 7 scrolls of teleportation
 p - a scroll of noise {unknown}
 t - 2 scrolls of summoning
 u - a scroll of brand weapon
 w - 2 scrolls of poison
 y - a scroll of blinking {unknown}
 F - a scroll of fear
 I - 3 scrolls of identify
Potions
 c - 4 potions of might
 e - 5 potions of heal wounds
 i - 6 potions of attraction
 k - 3 potions of haste
 m - a potion of flight
 n - 5 potions of lignification
 x - a potion of ambrosia
 z - a potion of magic
 C - 4 potions of curing
 E - 2 potions of resistance {unknown}
 G - a potion of invisibility


   Skills:
 + Level 4.0 Fighting
 + Level 6.9 Dodging
 + Level 1.2 Stealth
 + Level 9.7 Shields
 + Level 11.9 Unarmed Combat


You had 10 spell levels left.
You didn't know any spells.
Your spell library contained the following spells:

 Spells                   Type           Power      Damage    Failure   Level
 Freeze                   Ice            0%         1d3       71%         1
 Kiss of Death            Conj/Necr      0%         2d5       71%         1
 Blink                    Tloc           0%         N/A       85%         2
 Momentum Strike          Conj/Tloc      0%         3d8       85%         2
 Scorch                   Fire           0%         2d5       85%         2
 Confusing Touch          Hex            0%         N/A       97%         3
 Frozen Ramparts          Ice            0%         1d1       97%         3
 Gell's Gravitas          Tloc           0%         N/A       97%         3
 Hailstorm                Conj/Ice       0%         3d3       97%         3
 Lesser Beckoning         Tloc           0%         N/A       97%         3
 Teleport Other           Tloc           0%         N/A       97%         3
 Dispel Undead            Necr           0%         3d6       100%        4
 Flame Wave               Conj/Fire      0%         2d4       100%        4
 Dispersal                Tloc           0%         N/A       100%        6
 Summon Cactus Giant      Summ           0%         N/A       100%        6


Dungeon Overview and Level Annotations

Branches:
Dungeon (10/15)            Temple (1/1) D:5            Lair (0/5) D:9
Ossuary (visited)
    Orc: D:9-12

Altars:
Ashenzari
Cheibriados
Dithmenos
Elyvilon
Fedhas
Gozag
Hepliaklqana
Kikubaaqudgha
Makhleb
Nemelex Xobeh
Okawaru
Qazlal
Ru
Trog
Uskayaw
Vehumet
Wu Jian
Xom
Yredelemnul
Zin
The Shining One

Shops:
D:2 [   D:3 *=   D:9 (


Innate Abilities, Weirdness & Mutations

You are too large for most types of armour.
You have claws for hands.
Your natural rate of healing is unusually fast.
You are covered in fur. (AC +1)
You have tough skin. (AC +1)


Message History

You block the rakshasa's attack. You block the yak's attack.
You closely miss the rakshasa.
The rakshasa is moderately wounded.
You hear a bellow!
You block the rakshasa's attack. You block the yak's attack.
You barely miss the rakshasa.
The rakshasa is moderately wounded.
You hear a bellow! x2
The rakshasa barely misses you. The yak gores you but does no damage.
You mangle the rakshasa!!
The rakshasa is severely wounded.
You hear a bellow! x2
You scratch the rakshasa but do no damage.
The rakshasa is severely wounded.
You hear a bellow!
The rakshasa closely misses you. You block the yak's attack.
You claw the rakshasa!
The rakshasa is almost dead.
The rakshasa gestures at you. The lance of force hits you!!
You feel more protected from physical attacks.
You are knocked back by the lance of force.
You slam into the stone wall!
The yak gores you.
You feel more protected from physical attacks.
You block the rakshasa's attack.
You miss the rakshasa.
The rakshasa is almost dead.
You hear a bellow!
The rakshasa hits you with a +0 trident!
* * * LOW HITPOINT WARNING * * *
The yak gores you.
* * * LOW HITPOINT WARNING * * *
You block the rakshasa's attack.
You barely miss the rakshasa.
The rakshasa is almost dead.
You hear a bellow!
The rakshasa barely misses you. The yak gores you.
* * * LOW HITPOINT WARNING * * *
The rakshasa hits you from afar with a +0 trident!
You die...

#..##.. ..##
#.Q#.#.###.#.#
#..#..#...#..#
#..###.....#
#..[.#.....#
#..#)#.....### #
#..#R(#○..#..# ..
#..#R#Y###.#.# # #.#
#..##@.#....## .#.#
#.!#####.#########.###
#.)).....)..(.........
#..)####<.............
###...................
########............
##......)....
##.......#..
##..)).###.


You could see 2 rakshasas and a yak.

Vanquished Creatures
  A centaur warrior (D:10)
  A wizard (D:10)
  A cyclops (D:10)
  2 gargoyles (D:10)
  Maggie (D:6)
  A kobold demonologist (D:10)
  A tengu conjurer (D:10)
  A troll (D:10)
  5 wyverns
  14 yaks
  A basilisk (D:10)
  2 steam dragons
  2 acid dragons (D:10)
  2 water moccasins
  2 orc warriors (D:10)
  A sky beast (D:7)
  4 ice beasts
  An ogre (D:6)
  2 centaurs (D:8)
  3 kobold brigands
  A bullfrog (D:9)
  2 necrophages
  2 gnoll sergeants
  8 water moccasin zombies (Ossuary)
  4 wights (D:10)
  4 killer bees
  4 howler monkeys
  4 hounds
  A quasit (D:4)
  5 orc priests
  A gnoll bouda (D:4)
  3 jellies
  2 iguanas
  Natasha (thrice) (D:2)
  3 orc wizards
  2 mummies (Ossuary)
  10 adders
  18 gnolls
  2 shadow imps (D:4)
  4 white imps
  5 ufetubi (D:4)
  2 adder zombies (Ossuary)
  2 worms
  2 dart slugs (D:1)
  20 orcs
  8 bats
  6 endoplasms
  3 giant cockroaches
  4 gnoll zombies (Ossuary)
  11 hobgoblins
  2 jackals (D:1)
  22 kobolds
  4 quokkas
  5 ball pythons
  4 frilled lizards
  6 goblins
  8 hobgoblin zombies (Ossuary)
  7 kobold zombies (Ossuary)
  4 orc zombies (Ossuary)
  9 rats
265 creatures vanquished.

Vanquished Creatures (others)
  4 demonic plants (D:4)
  3 fungi (D:9)
  2 plants (D:9)
9 creatures vanquished.

Grand Total: 274 creatures vanquished

Notes
Turn   | Place    | Note
-------+----------+-------------------------------------------
     0 | D:1      | tangygnat the Troll Fighter began the quest for the Orb.
     0 | D:1      | Reached XP level 1. HP: 22/22 MP: 0/0
   179 | D:1      | Reached XP level 2. HP: 29/29 MP: 1/1
   606 | D:1      | Found a faded altar of an unknown god.
   614 | D:1      | Reached XP level 3. HP: 36/36 MP: 2/2
   670 | D:1      | Prayed at the altar of an unknown god.
   670 | D:1      | Became a worshipper of Qazlal Stormbringer
   670 | D:1      | Reached * piety under Qazlal
   979 | D:1      | You fall into a shaft and drop 1 floor!
  1033 | D:2      | Noticed Natasha
  1055 | D:2      | Killed Natasha
  1093 | D:2      | Found Siowkavu's Armour Shoppe.
  1250 | D:2      | Reached XP level 4. HP: 44/44 MP: 3/3
  1272 | D:2      | Noticed Natasha
  1282 | D:2      | Reached skill level 3 in Unarmed Combat
  1286 | D:2      | Killed Natasha
  1290 | D:2      | Noticed Natasha
  1305 | D:2      | Killed Natasha
  1346 | D:2      | Reached XP level 5. HP: 43/52 MP: 4/4
  1829 | D:2      | Bought a +2 robe for 127 gold pieces
  2217 | D:3      | Found Biylouh's One-of-a-Kind Rings.
  2307 | D:3      | Found Catiat's General Store.
  2535 | D:3      | Reached ** piety under Qazlal
  2681 | D:3      | Reached skill level 4 in Unarmed Combat
  3056 | D:3      | Found a large runed translucent door.
  3056 | D:3      | Found a large runed translucent door.
  3060 | D:3      | Found a shimmering altar of Xom.
  3242 | D:4      | Found a sparkling altar of Nemelex Xobeh.
  3616 | D:4      | Reached XP level 6. HP: 56/59 MP: 5/5
  3932 | D:4      | Found a hide-covered altar of Uskayaw.
  3939 | D:4      | Found a shimmering altar of Xom.
  3943 | D:4      | Found a bloodstained altar of Trog.
  4064 | D:4      | Reached *** piety under Qazlal
  4336 | D:5      | Entered Level 5 of the Dungeon
  4347 | D:5      | Reached skill level 5 in Unarmed Combat
  4426 | D:5      | Found a staircase to the Ecumenical Temple.
  4428 | D:5      | Noticed an ice beast
  4436 | D:5      | Killed an ice beast
  4437 | D:5      | Reached XP level 7. HP: 49/66 MP: 6/6
  4451 | Temple   | Entered the Ecumenical Temple
  5001 | D:5      | Identified the +3 rapier "Doumonol" {venom, Drain rN++
                  | Int+2 Dex+3}
  5025 | D:5      | Reached skill level 5 in Shields
  5084 | D:5      | Reached skill level 6 in Unarmed Combat
  5427 | D:6      | Reached XP level 8. HP: 54/75 MP: 7/7
  6015 | D:6      | Noticed Maggie
  6032 | D:6      | Killed Maggie
  6033 | D:6      | Reached skill level 5 in Dodging
  6033 | D:6      | Reached skill level 7 in Unarmed Combat
  6123 | D:6      | Found a sand-covered staircase.
  6135 | Ossuary  | Entered an ossuary
  6224 | Ossuary  | Reached **** piety under Qazlal
  6277 | Ossuary  | Reached XP level 9. HP: 83/83 MP: 8/8
  6518 | D:6      | Reached skill level 8 in Unarmed Combat
  6782 | D:7      | Identified the +3 chain mail of the True Pharaoh {rElec
                  | Dex+3}
  7401 | D:8      | Reached skill level 9 in Unarmed Combat
  7402 | D:8      | Identified 3 scrolls of acquirement
  7403 | D:8      | Acquired 467 gold pieces
  7404 | D:8      | Acquired the +2 hat of Time Monsters {Rampage Str+4}
  7417 | D:8      | Acquired 1134 gold pieces
  7598 | D:8      | Reached ***** piety under Qazlal
  7810 | D:8      | Reached skill level 1 in Stealth
  8083 | D:9      | Identified the +7 short sword of the Last Princes {drain,
                  | rC- rCorr Str+5}
  8166 | D:9      | Found Hah Yblo's Weapon Shoppe.
  8384 | D:9      | Found a staircase to the Lair.
  8403 | D:9      | Reached XP level 10. HP: 77/92 MP: 9/9
  8406 | D:9      | Reached skill level 10 in Unarmed Combat
  8801 | D:10     | Entered Level 10 of the Dungeon
  8808 | D:10     | Noticed a gargoyle
  8815 | D:10     | Killed a gargoyle
  8840 | D:10     | Reached skill level 11 in Unarmed Combat
  8969 | D:10     | Noticed a gargoyle
  8989 | D:10     | Killed a gargoyle
  9011 | D:10     | Noticed a rust devil
  9020 | D:10     | Reached XP level 11. HP: 78/98 MP: 10/10
  9032 | D:10     | Noticed a wizard
  9039 | D:10     | Killed a wizard
  9071 | D:10     | Noticed a centaur warrior
  9091 | D:10     | Killed a centaur warrior
  9128 | D:10     | Noticed a rakshasa
  9149 | D:10     | Slain by a rakshasa (illusionary)

Illustrated notes

Levels and vault maps discovered:
D:1:      spicycebolla_arrival_risky_transporter, layout_loops_corners,
          hellmonk_ecumenical_altar_arch_garden
D:2:      layout_loops_ring, serial_shops, nicolae_shop_trees, st_stairs_3,
          uniq_natasha
D:3:      due_chaos_kobolds, layout_loops_corners, serial_shops, shop,
          hangedman_abyss_or_decor_stabs, nicolae_shop_unique_rings,
          hangedman_decor_lopped
D:4:      minmay_chambers_of_twos, layout_loops_ring,
          mainiacjoe_overflow_alcove_1, grunt_temple_overflow_diamond,
          serial_demonic, serial_demonic_d, serial_demonic_f, serial_demonic_b,
          serial_demonic_c, dk_noncrumbling_3, minivault_19, roderic_lattice_a,
          glass_columns_a
D:5:      layout_rooms, temple_statues
D:6:      layout_loops_corners, nicolae_ossuary_entry_monument,
          minmay_checkerbox, uniq_maggie
D:7:      layout_basic
D:8:      layout_loops_ring
D:9:      layout_grid_maze, dpeg_oklobed_lair, serial_shops, nicolae_square_shop
D:10:     layout_big_octagon, nicolae_overflow_hidden_temple, orc_0_dummy,
          minmay_the_grid_2x2 [minmay_the_grid_mess, minmay_the_grid_expand,
          minmay_the_grid_spin_star, minmay_the_grid_prize_big_room]
Temple:   minmay_temple_bridge_d

Skill      XL: |  1  2  3  4  5  6  7  8  9 10 11 |
---------------+----------------------------------+-----
Shields        | 3 4 5 6 7 9 |  9.7
Unarmed Combat | 3 4 5 6 7 9 11 | 11.9
Dodging        | 3 4 5 6 |  6.9
Fighting       | 3 4 |  4.0
Stealth        | 1 |  1.2

Action                   |  1- 3 |  4- 6 |  7- 9 | 10-12 || total
-------------------------+-------+-------+-------+-------++-------
Melee: Unarmed           |   100 |   199 |   342 |   160 ||   801
  Use: Scroll            |       |     9 |    12 |     1 ||    22
       Potion            |       |       |       |     2 ||     2
Armor: Robe              |    38 |    55 |    57 |    49 ||   199
Dodge: Dodged            |    29 |    71 |    65 |    64 ||   229
       Repelled          |       |       |       |     3 ||     3
Block: Kite shield       |    36 |   129 |   206 |   183 ||   554

Table legend: (Time is in decaauts)
 A = Elapsed time spent in this place.
 B = Non-inter-level travel time spent in this place.
 C = Inter-level travel time spent in this place.
 D = Time resting spent in this place.
 E = Time spent auto-exploring this place.
 F = Levels seen in this place.
 G = Mean time per level.
                   A        B        C        D        E       F      G
               +--------+--------+--------+--------+--------+-----+--------+
         Total |   9159 |   9044 |    115 |    371 |   5399 |  12 |  763.2 |
       Dungeon |   8470 |   8446 |     24 |    371 |   5186 |  10 |  847.0 |
        Temple |    378 |    287 |     91 |      0 |    213 |   1 |  378.0 |
       Ossuary |    310 |    310 |      0 |      0 |      0 |   1 |  310.0 |
               +--------+--------+--------+--------+--------+-----+--------+

Top non-repeatable levels by time:
     D:3: 1235 daAuts
     D:4: 1098 daAuts
     D:2: 1051 daAuts
     D:6: 993 daAuts
     D:1: 985 daAuts
     D:8: 745 daAuts
     D:9: 738 daAuts
     D:5: 648 daAuts
     D:7: 640 daAuts
  Temple: 378 daAuts
    D:10: 334 daAuts
 Ossuary: 310 daAuts
